 Dungeon Crawl Stone Soup version 0.29.1-15-g9cfb28693d (webtiles) character file.

Game seed: 10381563911552694779

6 Jutty the Shooter (level 1, -8/18 HPs)
             Began as a Minotaur Hunter on Apr 30, 2023.
             Mangled by a worm (11 damage)
             ... on level 2 of the Dungeon.
             The game lasted 00:05:27 (282 turns).

Jutty the Shooter (Minotaur Hunter)                  Turns: 282, Time: 00:05:29

Health: -8/18      AC:  3    Str: 15    XL:     1   Next: 75%
Magic:  0/0        EV: 12    Int:  6    God:
Gold:   55         SH:  0    Dex: 13    Spells: 0/0 levels left

rFire   . . .      SeeInvis .   a - +0 shortbow
rCold   . . .      Faith    .   (shield currently unavailable)
rNeg    . . .      Spirit   .   c - +0 leather armour
rPois   .          Reflect  .   (helmet restricted)
rElec   .          Harm     .   (no cloak)
rCorr   .          Rampage  .   (no gloves)
Will    .....                   (no boots)
Stlth   +.........              (no amulet)
HPRegen 0.06/turn               (no ring)
MPRegen 0.07/turn               (no ring)

@: no status effects
A: horns 2, retaliatory headbutt
a: no special abilities


You were on level 2 of the Dungeon.
You visited 1 branch of the dungeon, and saw 2 of its levels.

You collected 55 gold pieces.

Inventory:

Hand Weapons
 a - a +0 shortbow (weapon)
Armour
 c - a +0 leather armour (worn)
Scrolls
 b - a scroll of immolation
 e - a scroll of blinking {unknown}
Potions
 d - a potion of cancellation {unknown}
 f - a potion of lignification {unknown}
 g - a potion of haste {unknown}


   Skills:
 + Level 2.4 Fighting
 + Level 4.7 Ranged Weapons
 + Level 2.2 Dodging
 + Level 0.7 Stealth


You couldn't memorise any spells.
You didn't know any spells.
Your spell library was empty.

Dungeon Overview and Level Annotations

Branches:
Dungeon (2/15)

Altars:


Innate Abilities, Weirdness & Mutations

You have a pair of horns on your head.
You reflexively headbutt those who attack you in melee.


Message History

Aim: a worm (severely wounded, 79% to hit)
You shoot an arrow. The arrow hits the worm.
The worm is almost dead.
Fire: a) +0 shortbow
Press: ? - help, Q - select action Shift-Dir - straight line, f/p - worm
Aim: a worm (severely wounded, 79% to hit)
You shoot an arrow. The arrow hits the worm.
The worm is almost dead.
Fire: a) +0 shortbow
Press: ? - help, Q - select action Shift-Dir - straight line, f - you Really target yourself? [Y]es or [N]o only, please.
Really target yourself? [Y]es or [N]o only, please.
Really target yourself? [Y]es or [N]o only, please.
Really target yourself?
Okay, then.
There is a stone staircase leading up here.
Fire: a) +0 shortbow
Press: ? - help, Q - select action Shift-Dir - straight line, f - goblin
Aim: a goblin, wielding a +0 sling (53% to hit)
You shoot an arrow. The arrow barely misses the goblin.
The goblin shoots a sling bullet.
The sling bullet hits you.
* * * LOW HITPOINT WARNING * * *
The worm barely misses you.
The goblin shoots a sling bullet.
The sling bullet hits you.
* * * LOW HITPOINT WARNING * * *
Fire: a) +0 shortbow
Press: ? - help, Q - select action Shift-Dir - straight line, f - worm
Aim: a worm (severely wounded, 79% to hit)
You shoot an arrow. The arrow barely misses the worm.
The worm bites you but does no damage.
Fire: a) +0 shortbow
Press: ? - help, Q - select action Shift-Dir - straight line, f/p - worm
Aim: a worm (severely wounded, 79% to hit)
You shoot an arrow. The arrow barely misses the worm.
The worm bites you!
Ouch! That really hurt!
You die...

#(# #.# #.#
###.### #
.....#####.#
#.#........
#.$g.......
#.#w..###.
#..#####..@...#
#.................
#..######..#..###.
#.###.... #.. ####
#.#. #.#. #.# #


You could see a worm and a goblin.

Vanquished Creatures
  A bat (D:1)
  2 hobgoblins (D:1)
  2 ball pythons (D:1)
  A frilled lizard (D:1)
6 creatures vanquished.

Notes
Turn   | Place    | Note
-------+----------+-------------------------------------------
     0 | D:1      | Jutty the Minotaur Hunter began the quest for the Orb.
     0 | D:1      | Reached XP level 1. HP: 18/18 MP: 0/0
   282 | D:2      | Mangled by a worm

Illustrated notes

Levels and vault maps discovered:
D:1:      roderic_dead_forest, layout_basic
D:2:      layout_loops_ring, serial_shops, shop,
          hellmonk_ecumenical_altar_heavens_door, st_stairs_3,
          hangedman_decor_points, minmay_between, uniq_jessica

Action                   || total
-------------------------++-------
Melee: Shortbow          ||    15
       Headbutt          ||     1
 Fire: Shortbow          ||    18
Armor: Leather armour    ||    10
Dodge: Dodged            ||    31
